 Dungeon Crawl Stone Soup version 0.28.0 (webtiles) character file.

Game seed: 15578799133528497876

44 BigDaddyOpFi the Chopper (level 3, -2/33 HPs)
             Began as a Hill Orc Monk on Feb 14, 2022.
             Slain by Terence (7 damage)
             ... on level 2 of the Dungeon.
             The game lasted 00:01:21 (1007 turns).

BigDaddyOpFi the Chopper (Hill Orc Monk)            Turns: 1007, Time: 00:01:22

Health: -2/33      AC:  5    Str: 15    XL:     3   Next: 60%
Magic:  3/3        EV: 11    Int: 10    God:
Gold:   41         SH:  0    Dex: 13    Spells: 2/2 levels left

rFire   . . .      SeeInvis .   a - +0 hand axe
rCold   . . .      Faith    .   (no shield)
rNeg    . . .      Spirit   .   c - +0 ring mail
rPois   +          Reflect  .   (no helmet)
rElec   .          Harm     .   (no cloak)
rCorr   .          Rampage  .   (no gloves)
Will    .....                   (no boots)
Stlth   +.........              (no amulet)
HPRegen 0.11/turn               b - ring of poison resistance
MPRegen 0.08/turn               (no ring)

@: no status effects
A: no striking features
a: no special abilities


You were on level 2 of the Dungeon.
You visited 1 branch of the dungeon, and saw 2 of its levels.

You collected 41 gold pieces.

Inventory:

Hand Weapons
 a - a +0 hand axe (weapon)
Armour
 c - a +0 ring mail (worn)
Jewellery
 b - a ring of poison resistance (left hand)
Scrolls
 d - a scroll of amnesia
 f - a scroll of identify {unknown}
Potions
 e - a potion of cancellation {unknown}


   Skills:
 + Level 4.1 Fighting
 * Level 5.1 Axes
 + Level 1.5 Armour
 - Level 2.4 Dodging
 - Level 1.5 Stealth


You had 2 spell levels left.
You didn't know any spells.
Your spell library was empty.

Dungeon Overview and Level Annotations

Branches:
Dungeon (2/15)

Altars:

Annotations:
D:2 Terence


Message History

You closely miss Terence. Terence hits you with a +0 flail.
Terence is nearby!
You slash Terence!
Terence is moderately wounded.
Terence barely misses you.
Terence is nearby!
You hit Terence.
Terence is heavily wounded.
Terence closely misses you.
You hit Terence but do no damage.
Terence is heavily wounded.
Terence closely misses you.
You hit Terence but do no damage.
Terence is heavily wounded.
Terence hits you with a +0 flail.
You hit Terence but do no damage.
Terence is heavily wounded.
Terence hits you with a +0 flail.
You barely miss Terence.
Terence is heavily wounded.
Terence closely misses you.
You hit Terence but do no damage.
Terence is heavily wounded.
Terence hits you with a +0 flail!
You hit Terence.
Terence is heavily wounded.
Terence hits you but does no damage.
You hit Terence but do no damage.
Terence is heavily wounded.
Terence barely misses you.
You hit Terence.
Terence is severely wounded.
Terence hits you with a +0 flail!
* * * LOW HITPOINT WARNING * * *
As you read the scroll labelled OPROAHOINU, it crumbles to dust.
It is a scroll of amnesia.
You feel forgetful for a moment.
Terence says, "Rest in peace."
Terence hits you with a +0 flail!
You die...

##+##+### #.......
#......#
#......####### #
#.@@......
#.##.##############
#...>..............
####.###.##########
#.#...........
#.#.#.########
#.#.#.##..
#.#.#.#.. ..#.#.#..


You could see Terence.

Vanquished Creatures
  An adder (D:2)
  A dart slug (D:1)
  A bat (D:1)
  4 endoplasms (D:1)
  2 giant cockroaches
  2 goblins (D:1)
  2 hobgoblins
  3 ball pythons (D:1)
  2 frilled lizards
  8 kobolds (D:1)
  6 rats (D:1)
32 creatures vanquished.

Vanquished Creatures (others)
  25 plants (D:1)
25 creatures vanquished.

Grand Total: 57 creatures vanquished

Notes
Turn   | Place    | Note
-------+----------+-------------------------------------------
     0 | D:1      | BigDaddyOpFi the Hill Orc Monk began the quest for the Orb.
     0 | D:1      | Reached XP level 1. HP: 19/19 MP: 1/1
   213 | D:1      | Reached XP level 2. HP: 27/27 MP: 2/2
   220 | D:1      | Found a faded altar of an unknown god.
   373 | D:1      | Reached skill level 1 in Armour
   464 | D:1      | Reached XP level 3. HP: 27/33 MP: 3/3
   930 | D:2      | Reached skill level 5 in Axes
   992 | D:2      | Noticed Terence
  1007 | D:2      | Slain by Terence

Illustrated notes

Levels and vault maps discovered:
D:1:      matt_arrival_spirals, layout_rooms,
          ebering_ecumenical_altar_sacrificial, minmay_tree_intersection,
          dk_noncrumbling_4, lexackson_kobold_supper
D:2:      layout_basic, uniq_terence

Skill      XL: |  1  2  3 |
---------------+----------+-----
Armour         | 1 |  1.5
Fighting       | 4 |  4.1
Axes           | 5 |  5.1
Dodging        | |  2.4
Stealth        | |  1.5

Action                   || total
-------------------------++-------
Melee: Hand axe          ||   104
       Punch             ||     2
  Use: Scroll            ||     1
 Stab: Sleeping          ||     1
Armor: Ring mail         ||    33
Dodge: Dodged            ||    51
